 Dungeon Crawl Stone Soup version 0.30.1-9-gdf580d7c3d (webtiles) character file.

Game seed: 10932663413408990835

50 Ivernyr the Shield-Bearer (level 4, 37/37 HPs)
             Began as a Formicid Fighter on Oct 7, 2023.
             Got out of the dungeon alive.
             The game lasted 00:02:08 (1338 turns).

Ivernyr the Shield-Bearer (Formicid Fighter)        Turns: 1338, Time: 00:02:08

Health: 37/37      AC:  7    Str: 22    XL:     4   Next: 4%
Magic:  4/4        EV:  9    Int:  8    God:
Gold:   143        SH:  5    Dex: 13    Spells: 3/3 levels left

rFire   . . .        a - +0 war axe
rCold   . . .        c - +0 buckler
rNeg    . . .        b - +0 scale mail
rPois   .            (helmet unavailable)
rElec   .            (no cloak)
rCorr   .            (no gloves)
SInv    +            (no boots)
Will    .....        (no amulet) Stlth
                     (no ring)
HPRegen 0.26/turn    (no ring)
MPRegen 0.09/turn

%: no passive effects
@: no status effects
A: permanent stasis, dig shafts and tunnels, antennae 3, four strong arms
a: Dig, Shaft Self


You escaped.
You visited 1 branch of the dungeon, and saw 2 of its levels.

You collected 143 gold pieces.

Inventory:

Hand Weapons
 a - a +0 war axe (weapon)
Armour
 b - a +0 scale mail (worn)
 c - a +0 buckler (worn)
 u - a scarf of resistance
Jewellery
 p - a +5 ring of evasion
Wands
 n - a wand of iceblast (10)
Scrolls
 e - a scroll of teleportation {unknown}
 f - a scroll of immolation {unknown}
 g - a scroll of blinking {unknown}
 i - 4 scrolls of enchant weapon {unknown}
 j - 3 scrolls of identify {unknown}
 k - 2 scrolls of noise {unknown}
 l - 2 scrolls of fear {unknown}
Potions
 d - a potion of might
 h - a potion of curing {unknown}
 m - a potion of brilliance {unknown}
 o - 3 potions of attraction {unknown}
 q - 2 potions of haste {unknown}
 r - a potion of heal wounds {unknown}
 s - a potion of mutation {unknown}
 t - a potion of lignification {unknown}


   Skills:
 + Level 3.7 Fighting
 * Level 2.9 Axes
 + Level 3.7 Armour
 + Level 4.4 Shields


You had 3 spell levels left.
You didn't know any spells.
Your spell library was empty.

Dungeon Overview and Level Annotations

Branches:
Dungeon (2/15)

Altars:


Innate Abilities, Weirdness & Mutations

You cannot be hasted, slowed, berserked, paralysed or teleported.
You can dig through walls and to a lower floor.
You have a pair of large antennae on your head. (SInv)
Your four strong arms can wield two-handed weapons with a shield.


Message History

You hit the rat.
You kill the rat!
You see here a scarf of resistance.
There is a faded altar of an unknown god here.
You open the door.
There is an open door here.
A worm comes into view.
There is an open door here.
There is an open door here.
You see here a scarf of resistance.
u - a scarf of resistance The worm bites you.
You slash the worm!
The worm is severely wounded.
The worm completely misses you.
You barely miss the worm.
The worm is severely wounded.
You hit the worm but do no damage.
The worm is severely wounded.
The worm bites you.
You hit the worm but do no damage.
The worm is severely wounded.
The worm bites you.
You slash the worm!
You kill the worm!
You have reached level 4!
You feel clever.
(D) Dungeon
Where to? (Enter - D:2, ? - help)
What level of the Dungeon? (default 1, ? - help)
There is an open door here.
There is a stone staircase leading up here.
You climb upwards.
There is a stone staircase leading down here.
Things that are here:
a +0 club; a +0 dagger You see here a +0 chain mail.
There is a staircase leading out of the dungeon here.
Are you sure you want to leave the Dungeon?
This will make you lose the game!
You have escaped!

#..........##........# #.....
#.................(..####.....
#.............................
#..........###.####...........
#..[..#################.......
#######.............#####.....
###.......#######.......###... #
##......###.......###......##.. #
#....###......@...[..###....#..
###...#......#######......#...##.
##...#.....### ###.....#...#.
##...#....## ##....#...#.
##...#....## ##....#.....
##...#[....### ###.....#...##
###...#......#######......#...###
..#.^..###.............###....#..
..##...[..###.......###......##..


There were no monsters in sight!

Vanquished Creatures
  A worm (D:2)
  3 dart slugs
  A bat (D:2)
  2 endoplasms (D:2)
  A giant cockroach (D:1)
  5 goblins
  2 hobgoblins
  3 jackals (D:1)
  A quokka (D:1)
  6 ball pythons
  A frilled lizard (D:2)
  8 kobolds (D:1)
  8 rats
42 creatures vanquished.

Notes
Turn   | Place    | Note
-------+----------+-------------------------------------------
     0 | D:1      | Ivernyr the Formicid Fighter began the quest for the Orb.
     0 | D:1      | Reached XP level 1. HP: 18/18 MP: 1/1
   100 | D:1      | Reached XP level 2. HP: 24/24 MP: 2/2
   276 | D:1      | Reached XP level 3. HP: 17/29 MP: 3/3
  1223 | D:2      | Found a faded altar of an unknown god.
  1283 | D:2      | Reached XP level 4. HP: 35/37 MP: 4/4
  1338 | D:$      | Got out of the dungeon alive.

Illustrated notes

Levels and vault maps discovered:
D:1:      dpeg_arrival_oval, layout_rooms
D:2:      layout_basic, shapermc_ecumenical_altar_notcrosses, moated_statue

Action                     |  1- 3 |  4- 6 || total
---------------------------+-------+-------++-------
  Melee: War axe           |    84 |       ||    84
 Armour: Scale mail        |    41 |       ||    41
  Dodge: Dodged            |    47 |       ||    47
  Block: Buckler           |    16 |       ||    16
